 Dungeon Crawl Stone Soup version 0.26.1-11-gd32895ea62 (webtiles) character file.

Game seed: 1361414296509895935

6371 Zeld the Transmogrifier (level 10, -6/69 HPs)
             Began as an Octopode Transmuter on May 27, 2021.
             Was an Initiate of Gozag.
             Killed by divine providence
             ... invoked by a smoke demon
              (14 damage)
             ... on level 1 of the Abyss.
             The game lasted 00:16:42 (15618 turns).

Zeld the Transmogrifier (Octopode Transmuter)      Turns: 15618, Time: 00:16:43

Health: -6/69      AC:  1    Str: 14    XL:     10   Next: 97%
Magic:  21/23      EV: 16    Int: 15    God:    Gozag
Gold:   484        SH:  0    Dex: 12    Spells: 12/27 levels left

rFire    + . .     SeeInvis +     - Unarmed
rCold    . . .     Faith    .   (shield currently unavailable)
rNeg     . . .     Spirit   .   (helmet restricted)
rPois    .         Reflect  .   (no amulet)
rElec    .         Harm     .   d - ring of protection from fire
rCorr    .         Rampage  .   b - ring of flight
Will     .....                  s - ring of see invisible
Stlth    ++........             (no ring)
HPRegen  0.21/turn              (no ring)
MPRegen  0.18/turn              (no ring)
                                (no ring)
                                (no ring)

@: brilliant, about to teleport, blade tentacles (expiring), wereblooded, gold
aura
A: almost no armour, stealthy swim, amphibious, 8 rings, constrict 8, camouflage
1, gelatinous body 1
a: End Transformation, Renounce Religion, Evoke Flight, Potion Petition, Call
Merchant, Bribe Branch


You were on level 1 of the Abyss.
You worshipped Gozag.
Gozag was aware of your devotion.
You had blades for tentacles.
You visited 2 branches of the dungeon, and saw 10 of its levels.
You visited the Abyss 1 time.
You also visited: Ossuary.

You collected 1950 gold pieces.
You spent 620 gold pieces at shops.
You paid 846 gold pieces to Gozag.

Inventory:

Jewellery
 b - a ring of flight (right scythe-like blade)
 d - a ring of protection from fire (left scythe-like blade)
 s - a ring of see invisible (on tentacle)
Scrolls
 a - 6 scrolls of remove curse
 j - 2 scrolls of teleportation
 l - a scroll of enchant armour
Potions
 e - a potion of resistance
 f - a potion of haste
 g - 2 potions of brilliance
 h - 3 potions of curing
 i - 4 potions of flight {unknown}
 k - 2 potions of lignification {unknown}
 n - 3 potions of berserk rage {unknown}
 p - 2 potions of might {unknown}
 q - a potion of cancellation {unknown}
 r - a potion of ambrosia {unknown}
 u - a potion of invisibility {unknown}
 x - 2 potions of mutation {unknown}


   Skills:
 + Level 6.5 Fighting
 + Level 6.9 Dodging
 - Level 3.0 Unarmed Combat
 * Level 9.0 Spellcasting
 * Level 9.6 Transmutations


You had 12 spell levels left.
You knew the following spells:

 Your Spells              Type           Power        Failure   Level
a - Beastly Appendage     Tmut           100%         9%          1
b - Wereblood             Tmut           52%          10%         2
c - Spider Form           Tmut/Pois      15%          32%         3
d - Ice Form              Ice/Tmut       31%          56%         4
e - Blade Hands           Tmut           26%          36%         5

Your spell library contained the following spells:

 Spells                   Type           Power        Failure   Level
 Sting                    Tmut/Pois      100%         19%         1
 Ignite Poison            Fire/Tmut/Pois 24%          43%         3
 Foxfire                  Conj/Fire      40%          47%         1
 Summon Small Mammal      Summ           40%          47%         1
 Call Imp                 Summ           10%          56%         2
 Poisonous Vapours        Pois/Air       20%          56%         2
 Call Canine Familiar     Summ           10%          75%         3
 Conjure Flame            Conj/Fire      10%          75%         3
 Inner Flame              Hex/Fire       10%          75%         3
 Mephitic Cloud           Conj/Pois/Air  10%          75%         3
 Summon Guardian Golem    Hex/Summ       10%          75%         3
 Olgreb's Toxic Radiance  Pois           10%          96%         4
 Sticky Flame             Conj/Fire      10%          96%         4
 Summon Ice Beast         Ice/Summ       10%          96%         4
 Summon Lightning Spire   Summ/Air       10%          96%         4
 Fireball                 Conj/Fire      5%           100%        5


Dungeon Overview and Level Annotations

Branches:
Dungeon (9/15)             Temple (1/1) D:7            Lair (0/6) D:9
Ossuary (visited)
    Orc: D:9-12

Altars:
Ashenzari
Cheibriados
Dithmenos
Elyvilon
Fedhas
Gozag
Kikubaaqudgha
Makhleb
Nemelex Xobeh
Okawaru
Qazlal
Ru
Sif Muna
Trog
Uskayaw
Vehumet
Wu Jian
Xom
Yredelemnul
Zin
The Shining One

Shops:
D:5 **   D:7 *   D:8 (:

Annotations:
D:7 exclusion: oklob plant


Innate Abilities, Weirdness & Mutations

You cannot wear most types of armour.
You are very stealthy in the water. (Stealth+)
You are amphibious.
You can wear up to eight rings at the same time.
You can use your tentacles to constrict eight enemies at once.
Your skin changes colour to match your surroundings (Stealth+).
Your rubbery body absorbs attacks. (AC +1, EV +1)


Message History

The smoke demon convulses!
The smoke demon is no longer distracted by gold.
The smoke demon barely misses you. x2; The smoke demon hits you.
The spatial maelstrom misses you. The spatial maelstrom hits you.
* * * LOW HITPOINT WARNING * * *
Space warps horribly around you!
* * * LOW HITPOINT WARNING * * *
Your Spellcasting skill increases to level 9!
Unknown command.
Unknown command.
Okay, then.
You feel better. The spatial maelstrom hits you.
* * * LOW HITPOINT WARNING * * *
Space warps horribly around you!
* * * LOW HITPOINT WARNING * * *
The spatial maelstrom closely misses you.
The smoke demon gestures at you. Something smites you!
You die...
Your body crumbles into a pile of gold.

### # $..)###
# #.##$#
$##.##.##.##.#
.....≈.v..3$#
#.##.#..#v@# $
# ##..### $ $
#...# $ $
##.## #.# $
... $ #.# .# $
$ $


You could see a spatial maelstrom, a spatial vortex and a smoke demon (dazed).

Vanquished Creatures
  Harold (D:7)
  An orc knight (D:9)
  4 centaur zombies
  An elephant (D:9)
  A hornet (D:8)
  Prince Ribbit (D:6)
  Sigmund (D:4)
  A wyvern (D:9)
  2 basilisks (D:9)
  Menkaure (D:5)
  2 water moccasins
  6 orc warriors
  An ice beast (D:7)
  2 sky beasts
  A black bear (D:8)
  2 phantoms
  An ogre (D:4)
  2 bullfrogs
  Blork the orc (D:5)
  A wyvern zombie (D:9)
  A small abomination (Abyss:1)
  A scorpion (D:7)
  2 howler monkeys (D:8)
  2 oklob saplings (D:8)
  A bullfrog zombie (D:7)
  2 quasits
  A human zombie (Ossuary)
  3 hounds
  A centaur skeleton (D:5)
  2 orc priests
  2 jellies
  11 orc wizards
  3 bullfrog skeletons
  4 iguanas
  7 worker ants
  A killer bee zombie (D:6)
  A big kobold zombie (Ossuary)
  2 mummies (Ossuary)
  A worker ant zombie (D:8)
  21 adders
  2 white imps
  An ufetubus (D:6)
  2 adder skeletons
  3 adder zombies
  3 worms
  2 dart slugs
  A leopard gecko (D:5)
  25 orcs
  7 bats
  9 giant cockroaches
  9 goblins
  7 hobgoblins
  7 jackals
  10 kobolds
  3 quokkas
  8 ball pythons
  5 frilled lizards
  7 hobgoblin zombies (Ossuary)
  A jackal skeleton (D:8)
  A jackal zombie (Ossuary)
  12 kobold zombies (Ossuary)
  A leopard gecko zombie (D:5)
  9 orc zombies (Ossuary)
  A quokka skeleton (D:5)
  A quokka zombie (D:5)
  7 rats
  2 rat zombies (Ossuary)
248 creatures vanquished.

Vanquished Creatures (others)
  11 plants
  16 toadstools (D:7)
27 creatures vanquished.

Grand Total: 275 creatures vanquished

Notes
Turn   | Place    | Note
-------+----------+-------------------------------------------
     0 | D:1      | Zeld the Octopode Transmuter began the quest for the Orb.
     0 | D:1      | Reached XP level 1. HP: 13/13 MP: 3/3
    55 | D:1      | Found a sparkling altar of Nemelex Xobeh.
   218 | D:1      | Reached XP level 2. HP: 18/18 MP: 5/5
   221 | D:1      | Learned a level 2 spell: Wereblood
   862 | D:1      | Reached XP level 3. HP: 23/23 MP: 4/6
   866 | D:1      | Learned a level 3 spell: Spider Form
  1159 | D:2      | Found a sacrificial altar of Ru.
  1438 | D:2      | Found a basalt altar of Yredelemnul.
  1814 | D:2      | Reached XP level 4. HP: 12/28 MP: 5/8
  2589 | D:3      | Found an opulent altar of Gozag.
  2596 | D:3      | Became a worshipper of Gozag Ym Sagoz the Greedy
  3492 | D:3      | Reached XP level 5. HP: 27/34 MP: 7/9
  3497 | D:3      | Learned a level 4 spell: Ice Form
  4496 | D:4      | Found an ancient bone altar of Kikubaaqudgha.
  4508 | D:4      | Noticed Sigmund
  4523 | D:4      | Killed Sigmund
  4524 | D:4      | Reached XP level 6. HP: 35/41 MP: 7/11
  4559 | D:4      | Noticed a phantom
  4611 | D:4      | Killed a phantom
  5372 | D:5      | Entered Level 5 of the Dungeon
  5373 | D:5      | Noticed Blork the orc
  5388 | D:4      | Reached XP level 7. HP: 19/45 MP: 11/13
  5682 | D:5      | Killed Blork the orc
  5766 | D:5      | Found Laush's Elemental Accessories.
  5846 | D:5      | Found Xysedepros's Assorted Antiques.
  5854 | D:5      | Bought a scroll labelled FENITEINOS for 25 gold pieces
  5854 | D:5      | Bought a sedimented purple potion for 22 gold pieces
  5854 | D:5      | Bought a grey potion for 22 gold pieces
  5854 | D:5      | Bought a sedimented purple potion for 22 gold pieces
  5854 | D:5      | Bought a metallic cyan potion for 22 gold pieces
  5854 | D:5      | Bought a scroll of identify for 50 gold pieces
  5854 | D:5      | Bought a scratched cabochon ring for 125 gold pieces
  6054 | D:5      | Noticed Menkaure
  6065 | D:5      | Killed Menkaure
  6066 | D:5      | Reached skill level 5 in Transmutations
  6380 | D:5      | Reached XP level 8. HP: 33/52 MP: 15/15
  6388 | D:5      | Learned a level 5 spell: Blade Hands
  6604 | D:5      | Reached skill level 5 in Spellcasting
  8041 | D:6      | Noticed Prince Ribbit
  8304 | D:6      | Killed Prince Ribbit
  8305 | D:6      | Reached XP level 9. HP: 20/59 MP: 8/18
  8569 | D:6      | Reached skill level 5 in Dodging
  9379 | D:7      | Found a staircase to the Ecumenical Temple.
  9393 | Temple   | Entered the Ecumenical Temple
  9668 | D:7      | Reached skill level 5 in Fighting
  9912 | D:7      | Noticed Harold
 10316 | D:7      | Killed Harold
 10498 | D:7      | Found Amineenu's Assorted Antiques.
 10504 | D:7      | Bought a scroll of identify for 52 gold pieces
 10504 | D:7      | Bought a scroll labelled JAINA GOTZAXO for 26 gold pieces
 10504 | D:7      | Bought a sedimented emerald potion for 23 gold pieces
 10504 | D:7      | Bought a scroll of identify for 52 gold pieces
 10504 | D:7      | Bought a scroll labelled ATOKHL UWIM for 26 gold pieces
 10504 | D:7      | Bought a potion of heal wounds for 130 gold pieces
 10504 | D:7      | Bought a sedimented emerald potion for 23 gold pieces
 10523 | D:7      | Reached XP level 10. HP: 66/66 MP: 18/21
 11175 | D:7      | Found a blossoming altar of Fedhas.
 11200 | D:7      | Noticed an oklob plant
 11406 | D:8      | Found Ulidd's Antique Weapon Shop.
 11444 | D:8      | Found the +8 whip "Snakebite" {curare, rPois}
 11489 | D:8      | Found a blossoming altar of Fedhas.
 11554 | D:8      | Found a burning altar of Makhleb.
 11569 | D:8      | Found a sand-covered staircase.
 11712 | Ossuary  | Entered an ossuary
 12739 | D:8      | Found a glowing golden altar of the Shining One.
 13001 | D:8      | HP: 3/68 [poisoned by a hornet]
 13669 | D:9      | Found a staircase to the Lair.
 13683 | D:9      | HP: 3/68 [wyvern (18)]
 14223 | D:9      | Noticed an orc knight
 14731 | D:8      | Found Ulidd's Antique Weapon Shop.
 14916 | D:8      | Found Ydacanon's Book Shoppe.
 14988 | D:8      | Found a blossoming altar of Fedhas.
 15134 | D:8      | Found a glowing golden altar of the Shining One.
 15186 | D:9      | Noticed an elephant
 15199 | D:9      | Killed an elephant
 15578 | D:9      | Found a glowing silver altar of Zin.
 15609 | D:9      | Killed an orc knight
 15610 | D:9      | Cast into level 1 of the Abyss (orc warrior)
 15611 | Abyss:1  | Noticed a spatial maelstrom
 15611 | Abyss:1  | Noticed a smoke demon
 15618 | Abyss:1  | Killed from afar by a smoke demon

Illustrated notes

Levels and vault maps discovered:
D:1:      lightli_arrival_quake, layout_loops_ring, minmay_misc_feat_doors,
          dk_noncrumbling_2, nemelex_xobeh_ov_fountains_minmay
D:2:      layout_basic, nicolae_ru_awakened_eye, lemuel_coloured_pillars_altar,
          kennysheep_crisscross, minmay_misc_feat_square
D:3:      layout_basic, nicolae_gozag_cash_rules_everything_around_me,
          kennysheep_minor_cross
D:4:      layout_basic, lemuel_round_altar, st_stairs_14, uniq_sigmund
D:5:      kb_forest_paths, layout_loops_ring, serial_shops, shop,
          minmay_fountain_box, minmay_misc_feat_pillars, nicolae_elemental_shop,
          uniq_blork_the_orc, uniq_menkaure
D:6:      layout_rooms, chequers_serial_rivers_small_b, uniq_prince_ribbit1
D:7:      layout_rooms, tgw_fedhas, minmay_temple_entry_butterflies,
          serial_shops, kennysheep_little_box, kennysheep_generic_room_12,
          uniq_harold
D:8:      layout_cave_pools, old_standard_altar, marbit_many_paths,
          serial_shops, nicolae_shop_trees, nicolae_ossuary_entry_plus,
          introduction_to_nature_1
D:9:      minmay_the_grid_plus_closed [minmay_the_grid_minigrid_small_alt,
          minmay_the_grid_paths, minmay_the_grid_broken_lines,
          minmay_the_grid_armoury, minmay_the_grid_prize_inner_circle],
          layout_loops_ring, lemuel_doored_altar, nzn_hepliaklqana_mist_gate,
          david_lair_generic
Temple:   nicolae_temple_figure_eight
Abyss:1:  base: D:2, hangedman_cross_veins

Skill      XL: |  1  2  3  4  5  6  7  8  9 10 |
---------------+-------------------------------+-----
Transmutations | 3 4 5 6 8 9 |  9.6
Spellcasting   | 3 4 6 7 9 |  9.0
Fighting       | 2 3 4 5 6 |  6.5
Dodging        | 3 4 5 6 |  6.9
Unarmed Combat | |  3.0

Action                   |  1- 3 |  4- 6 |  7- 9 | 10-12 || total
-------------------------+-------+-------+-------+-------++-------
Melee: Unarmed           |    66 |   106 |   214 |   209 ||   595
       Constrict         |    19 |    26 |    25 |    37 ||   107
       Tentacles         |    13 |     9 |    22 |    37 ||    81
       Kick              |    18 |    18 |     2 |       ||    38
       Punch             |     1 |     1 |     5 |     4 ||    11
 Cast: Beastly Appendage |    17 |    25 |     1 |       ||    43
       Spider Form       |       |     3 |    12 |       ||    15
       Ice Form          |       |     1 |     1 |       ||     2
       Blade Hands       |       |       |    28 |    36 ||    64
       Wereblood         |       |       |       |     2 ||     2
Invok: Call Merchant     |       |       |       |     1 ||     1
  Use: Scroll            |       |     5 |     6 |    12 ||    23
       Potion            |       |       |       |    10 ||    10
 Stab: Sleeping          |     2 |     4 |     2 |     1 ||     9
Armor: Skin              |     7 |     4 |    10 |    12 ||    33
Dodge: Dodged            |    40 |    69 |   144 |   214 ||   467
